 Dungeon Sprint DCSS version 0.26-a0-708-g17f3b190f9 (webtiles) character file.

Game seed: 15694725772184157484

15514 mhtbhm the Fencer (level 12, -23/119 HPs)
             Began as a Red Draconian Fighter on Oct 29, 2020.
             Was the Champion of Makhleb.
             Killed from afar by a necromancer (39 damage)
             ... with a bolt of cold
             ... in the Dungeon (Sprint IX: "|||||||||||||||||||||||||||||").
             The game lasted 00:06:17 (3169 turns).

mhtbhm the Fencer (Red Draconian Fighter)           Turns: 3169, Time: 00:06:18

Health: -23/119    AC: 13    Str: 27    XL:     12   Next: 1%
Magic:  0/12       EV: 17    Int:  8    God:    Makhleb [******]
Gold:   861        SH: 21    Dex: 11    Spells: 11/11 levels left

rFire    + + .     SeeInvis +   a - +1 double sword
rCold    . . .     Faith    .   b - +1 tower shield
rNeg     + . .     Spirit   +   (armour unavailable)
rPois    .         Reflect  .   d - +2 hat of the Bear Spirit {Spirit, +Rage rN+ MR++}
rElec    .         Harm     .   q - +0 cloak
rCorr    .         Rampage  .   n - +0 pair of gloves
MR       ++...     NoTele   +   e - +0 pair of boots {Fly}
Stlth    +++.......             (no amulet)
HPRegen  0.29/turn              x - ring of protection from fire
MPRegen  0.13/turn              p - +3 ring of strength

@: short of breath, slowed, very slow
A: breathe fire, unfitting armour, see invisible, fire resistance 1, no potion
heal 1, cold-blooded, MP-powered wands, AC +8
a: Breathe Fire, Minor Destruction, Lesser Servant of Makhleb, Major
Destruction, Greater Servant of Makhleb, Renounce Religion, Evoke Berserk Rage,
Evoke Flight


You were in the Dungeon.
You worshipped Makhleb.
Makhleb was exalted by your worship.
You visited 1 branch You collected 1932 gold pieces.
You spent 1071 gold pieces at shops.

Inventory:

Hand Weapons
 a - a +1 double sword (weapon)
Armour
 b - a +1 tower shield (worn)
 d - the +2 hat of the Bear Spirit (worn) {Spirit, +Rage rN+ MR++}
   (You bought it in a shop in the Dungeon)

   It protects you from negative energy.
   It affects your resistance to hostile enchantments.
   It lets you go berserk.
 e - a +0 pair of boots of flying (worn)
 n - a +0 pair of gloves (worn)
 q - a +0 cloak (worn)
Jewellery
 m - an uncursed ring of protection from magic
 p - a +3 ring of strength (right hand)
 v - an uncursed ring of protection from cold
 x - a ring of protection from fire (left hand)
Scrolls
 i - 2 scrolls of blinking
 k - 3 scrolls of remove curse
 l - 3 scrolls of amnesia
 r - a scroll of identify
 s - 2 scrolls of enchant armour
 t - 2 scrolls of fear
 u - 3 scrolls of fog
Potions
 c - 2 potions of might
 f - 2 potions of haste
 g - 4 potions of magic
 h - a potion of brilliance
 j - 7 potions of curing
 z - 3 potions of heal wounds
 A - a potion of berserk rage


   Skills:
 + Level 15.1 Fighting
 + Level 16.4 Long Blades
 + Level 13.2 Dodging
 + Level 7.0 Stealth
 + Level 14.2 Shields
 + Level 3.9 Evocations


You had 11 spell levels left.
You didn't know any spells.
Your spell library was empty.

Dungeon Overview and Level Annotations

Branches:
Dungeon (1/1)

Altars:
Cheibriados
Dithmenos
Elyvilon
Fedhas
Gozag
Hepliaklqana
Kikubaaqudgha
Makhleb
Nemelex Xobeh
Okawaru
Qazlal
Ru
Sif Muna
Trog
Uskayaw
Vehumet
Wu Jian
Xom
Yredelemnul
Zin
The Shining One
Beogh
Jiyva
Lugonu

Shops:
D ([[(


Innate Abilities, Weirdness & Mutations

You can breathe blasts of fire.
Your fiery red scales are hard. (AC +8)
You cannot fit into any form of body armour.
Your flesh is heat resistant. (rF+)
You are cold-blooded and may be slowed by cold attacks.
You have supernaturally acute eyesight. (SInv)
Potions are less effective at restoring your health.
You expend magic power (3 MP) to strengthen your wands.


Message History

Your system partially rejects the healing.
You feel much better.
The rakshasa weaves an illusion.
The tengu warrior simulacrum closely misses you.
You riposte.
You slice the tengu warrior simulacrum!!
The tengu warrior simulacrum is almost destroyed.
The tengu warrior simulacrum pecks you but does no damage.
The tengu warrior simulacrum barely misses you.
You hit the ugly thing simulacrum.
You tail-slap the ugly thing simulacrum.
The ugly thing simulacrum is moderately damaged.
The ugly thing simulacrum hits you. The ugly thing simulacrum freezes you!!
You feel yourself slow down.
* * * LOW HITPOINT WARNING * * *
The necromancer points at you and mumbles some strange words.
The bolt of cold hits the ugly thing simulacrum.
The ugly thing simulacrum completely resists.
The bolt of cold hits you!!!
You die...

[..[..')...........†........÷'...
▓▓▓▓▓▓▓▓▓▓▓▓▓▓▓▓▓▓▓▓▓▓▓▓▓▓▓▓▓▓▓▓▓
.................................
▓▓▓▓▓▓▓▓▓▓▓▓▓▓▓▓▓▓▓▓▓▓▓▓▓▓▓▓▓▓▓▓▓
..').).(∩(∩.∩.∩)))))'......)))))(
▓▓▓▓▓▓▓▓▓▓▓▓▓▓▓▓▓▓▓▓▓▓▓▓▓▓▓▓▓▓▓▓▓
.....................[...........
▓▓▓▓▓▓▓▓▓▓▓▓▓▓▓▓▓▓▓▓▓▓▓▓▓▓▓▓▓▓▓▓▓
....RpZ@ZZ=.........[[[[
▓▓▓▓▓▓▓▓▓▓▓▓▓▓▓▓▓▓▓▓▓▓▓▓


You could see a rakshasa, a necromancer (invisible), an ugly thing simulacrum
and 2 tengu warrior simulacra.

Vanquished Creatures
  Gastronok (D)
  A hydra (D)
  A centaur warrior (D)
  A tengu warrior (D)
  An unseen horror (D)
  6 orc knights (D)
  A cyclops (D)
  A manticore (D)
  An elephant (D)
  An ugly thing (D)
  2 black mambas (D)
  5 komodo dragons (D)
  2 rime drakes (D)
  A tyrant leech (D)
  3 shadows (D)
  A yak (D)
  A wraith (D)
  5 vampire mosquitoes (D)
  3 water moccasins (D)
  19 orc warriors (D)
  2 black bears (D)
  An ogre (D)
  2 centaurs (D)
  7 bullfrogs (D)
  A killer bee (D)
  A wight (D)
  2 orc priests (D)
  2 jellies (D)
  5 orc wizards (D)
  A worker ant (D)
  An adder skeleton (D)
  A dart slug (D)
  A leopard gecko (D)
  6 orcs (D)
  A bat (D)
  A bat skeleton (D)
  A bat zombie (D)
  A hobgoblin (D)
  A ball python skeleton (D)
  A giant cockroach zombie (D)
  A goblin (D)
  A leopard gecko skeleton (D)
98 creatures vanquished.

Notes
Turn   | Place    | Note
-------+----------+-------------------------------------------
     0 | D        | mhtbhm the Draconian Fighter began the quest for the Orb.
     0 | D        | Reached XP level 1. HP: 19/19 MP: 1/1
    18 | D        | Reached XP level 2. HP: 17/27 MP: 2/2
   125 | D        | Noticed an ogre
   136 | D        | HP: 1/27 [ogre/+0 giant club (11)]
   139 | D        | Killed an ogre
   139 | D        | Reached skill level 5 in Fighting
   139 | D        | Reached skill level 3 in Long Blades
   139 | D        | Reached skill level 5 in Dodging
   139 | D        | Reached skill level 5 in Shields
   139 | D        | Reached XP level 3. HP: 2/37 MP: 3/3
   139 | D        | Reached XP level 4. HP: 3/44 MP: 4/4
   160 | D        | Found a roughly hewn altar of Beogh.
   160 | D        | Found a snail-covered altar of Cheibriados.
   160 | D        | Found a shadowy altar of Dithmenos.
   160 | D        | Found a white marble altar of Elyvilon.
   160 | D        | Found a blossoming altar of Fedhas.
   160 | D        | Found an opulent altar of Gozag.
   161 | D        | Found a hazy altar of Hepliaklqana.
   162 | D        | Found a viscous altar of Jiyva.
   163 | D        | Found an ancient bone altar of Kikubaaqudgha.
   164 | D        | Found a corrupted altar of Lugonu.
   165 | D        | Found a burning altar of Makhleb.
   166 | D        | Found a sparkling altar of Nemelex Xobeh.
   167 | D        | Found an iron altar of Okawaru.
   168 | D        | Found a stormy altar of Qazlal.
   169 | D        | Found a sacrificial altar of Ru.
   170 | D        | Found a shimmering blue altar of Sif Muna.
   171 | D        | Found a bloodstained altar of Trog.
   172 | D        | Found a hide-covered altar of Uskayaw.
   173 | D        | Found a radiant altar of Vehumet.
   174 | D        | Found an ornate altar of the Wu Jian Council.
   181 | D        | Became a worshipper of Makhleb the Destroyer
   184 | D        | Found a shimmering altar of Xom.
   185 | D        | Found a basalt altar of Yredelemnul.
   186 | D        | Found a glowing silver altar of Zin.
   187 | D        | Found a glowing golden altar of the Shining One.
   426 | D        | Noticed a centaur
   426 | D        | Noticed a centaur
   426 | D        | Noticed a bullfrog
   431 | D        | Killed a bullfrog
   431 | D        | Reached skill level 4 in Long Blades
   431 | D        | Reached XP level 5. HP: 51/51 MP: 5/5
   435 | D        | Killed a centaur
   435 | D        | Reached skill level 5 in Long Blades
   438 | D        | Reached * piety under Makhleb
   438 | D        | Reached XP level 6. HP: 61/61 MP: 6/6
   443 | D        | Reached skill level 6 in Long Blades
   443 | D        | Reached ** piety under Makhleb
   482 | D        | Noticed a shadow
   490 | D        | Killed a shadow
   490 | D        | Reached skill level 7 in Long Blades
   490 | D        | Your scales start taking on a fiery red colour.
   490 | D        | Reached XP level 7. HP: 69/69 MP: 7/7
   490 | D        | Gained mutation: Your flesh is heat resistant. (rF+) [Red
                  | Draconian growth]
   500 | D        | Reached *** piety under Makhleb
   501 | D        | Killed an unseen horror
   501 | D        | Reached skill level 9 in Long Blades
   501 | D        | Reached XP level 8. HP: 40/79 MP: 8/8
   749 | D        | Gained mutation: You expend magic power (3 MP) to
                  | strengthen your wands. [potion of mutation]
   749 | D        | Gained mutation: Potions are less effective at restoring
                  | your health. [potion of mutation]
   749 | D        | Gained mutation: You have supernaturally acute eyesight.
                  | (SInv) [potion of mutation]
   752 | D        | Noticed a komodo dragon
   752 | D        | Noticed a black mamba
   752 | D        | Noticed a rime drake
   752 | D        | Noticed a komodo dragon
   766 | D        | Killed a komodo dragon
   766 | D        | Reached skill level 10 in Fighting
   766 | D        | Reached skill level 10 in Long Blades
   766 | D        | Reached skill level 10 in Shields
   768 | D        | Killed a komodo dragon
   768 | D        | Reached **** piety under Makhleb
   768 | D        | Reached skill level 10 in Dodging
  1075 | D        | Killed a rime drake
  1075 | D        | Reached skill level 11 in Long Blades
  1075 | D        | Reached skill level 1 in Evocations
  1075 | D        | Reached XP level 9. HP: 86/86 MP: 9/9
  1083 | D        | Killed a black mamba
  1083 | D        | Reached skill level 1 in Stealth
  1085 | D        | Reached ***** piety under Makhleb
  1094 | D        | Noticed a komodo dragon
  1103 | D        | Killed a komodo dragon
  1103 | D        | Reached skill level 12 in Long Blades
  1297 | D        | Noticed a five-headed hydra
  1297 | D        | Noticed a rime drake
  1297 | D        | Noticed a black mamba
  1297 | D        | Noticed a komodo dragon
  1304 | D        | Killed a komodo dragon
  1311 | D        | Killed a black mamba
  1313 | D        | Reached skill level 13 in Long Blades
  1313 | D        | Noticed an elephant
  1317 | D        | HP: 2/90 [ten-headed hydra (17)]
  1324 | D        | Killed a rime drake
  1324 | D        | Reached XP level 10. HP: 14/97 MP: 4/10
  1325 | D        | Killed a ten-headed hydra
  1325 | D        | Reached ****** piety under Makhleb
  1563 | D        | Killed an elephant
  1563 | D        | Reached skill level 14 in Long Blades
  2137 | D        | Noticed an orc knight
  2168 | D        | Killed an orc knight
  2168 | D        | Reached XP level 11. HP: 55/107 MP: 8/11
  2175 | D        | Reached skill level 15 in Long Blades
  2382 | D        | Found Kisiceuwidgh's Antique Weapon Boutique.
  2382 | D        | Noticed an orc knight
  2382 | D        | Noticed an orc knight
  2410 | D        | Noticed an orc knight
  2419 | D        | Killed an orc knight
  2427 | D        | Killed an orc knight
  2435 | D        | Killed an orc knight
  2436 | D        | Found Xuisuda's Antique Armour Shop.
  2740 | D        | Found Vedd's Antique Armour Boutique.
  2744 | D        | Found Lamoaniz's Weapon Shop.
  2749 | D        | Noticed an orc knight
  2751 | D        | Noticed an orc knight
  2766 | D        | Killed an orc knight
  2766 | D        | Reached skill level 5 in Stealth
  2771 | D        | Killed an orc knight
  2808 | D        | Bought the +2 hat of the Bear Spirit {Spirit, +Rage rN+
                  | MR++} for 899 gold pieces
  2808 | D        | Found the +2 hat of the Bear Spirit {Spirit, +Rage rN+
                  | MR++}
  2810 | D        | Bought a pair of embroidered boots for 172 gold pieces
  2971 | D        | Noticed Gastronok
  2988 | D        | Killed Gastronok
  3130 | D        | Noticed a centaur warrior
  3133 | D        | Reached skill level 16 in Long Blades
  3134 | D        | Noticed a rakshasa
  3135 | D        | Noticed a tengu warrior
  3139 | D        | Noticed a white ugly thing
  3142 | D        | Noticed a necromancer
  3152 | D        | Killed a centaur warrior
  3162 | D        | Killed a tengu warrior
  3162 | D        | Reached skill level 15 in Fighting
  3167 | D        | Killed a white ugly thing
  3167 | D        | Reached XP level 12. HP: 50/119 MP: 2/12
  3169 | D        | Killed from afar by a necromancer

Illustrated notes

Levels and vault maps discovered:
D:        linesprint [early_d, line_temple, items_1, d_10, items_2, lair_1,
          lair_end, items_3, orc_1, orc_end, items_4, d_15, swamp_1, shoals_1,
          snake_1, spider_1, d_20, vaults_1, items_5, swamp_end, shoals_end,
          snake_end, spider_end, vaults_end, d_27, items_6, zot_1, zot_end,
          crypt_end, forest_end, elf_end, slime_end, tomb_end, abyss_end,
          pan_hell_end]

Skill      XL: |  1  2  3  4  5  6  7  8  9 10 11 |
---------------+----------------------------------+-----
Dodging        | 3 5 6 7 8 9 10 11 12 13 | 13.2
Fighting       | 4 5 6 7 8 9 10 11 13 15 | 15.1
Long Blades    | 3 4 5 7 9 11 13 14 16 | 16.4
Shields        | 5 6 7 8 9 10 11 12 14 | 14.2
Evocations     | 1 2 3 |  3.9
Stealth        | 1 2 7 |  7.0

Action                   |  1- 3 |  4- 6 |  7- 9 | 10-12 || total
-------------------------+-------+-------+-------+-------++-------
Melee: Long sword        |    27 |    13 |       |       ||    40
       Tailslap          |     3 |     6 |    15 |    48 ||    72
       Scimitar          |       |    20 |    65 |   224 ||   309
       Double sword      |       |       |       |    44 ||    44
 Abil: Breathe Fire      |       |       |     3 |    11 ||    14
       Stop Flying       |       |       |       |     1 ||     1
Evoke: Wand              |       |       |     5 |     5 ||    10
  Use: Potion            |     1 |     2 |     2 |     3 ||     8
       Scroll            |       |       |     2 |       ||     2
 Stab: Invisible         |       |       |       |     5 ||     5
Armor: Skin              |     4 |     8 |    24 |    27 ||    63
Dodge: Dodged            |     8 |    13 |    42 |    64 ||   127
Block: Kite shield       |    10 |    16 |    28 |    71 ||   125
       Tower shield      |       |       |       |    44 ||    44
       Rpst.: Long sword |     1 |     4 |       |       ||     5
       Scimitar          |       |     1 |     5 |    14 ||    20
       Double sword      |       |       |       |     2 ||     2

Table legend: (Time is in decaauts)
 A = Elapsed time spent in this place.
 B = Non-inter-level travel time spent in this place.
 C = Inter-level travel time spent in this place.
 D = Time resting spent in this place.
 E = Time spent auto-exploring this place.
 F = Levels seen in this place.
 G = Mean time per level.
                   A        B        C        D        E       F      G
               +--------+--------+--------+--------+--------+-----+--------+
         Total |   3114 |   3114 |      0 |   1656 |    410 |   1 | 3114.0 |
       Dungeon |   3114 |   3114 |      0 |   1656 |    410 |   1 | 3114.0 |
               +--------+--------+--------+--------+--------+-----+--------+

Top non-repeatable levels by time:
       D: 3114 daAuts
